 Dungeon Crawl Stone Soup version 0.30-a0-1123-gabc949cf19 (webtiles) character file.

Game seed: 15672210178493196869

788 BlueFish the Sneak (level 7, -1/72 HPs)
             Began as an Octopode Fighter on Apr 23, 2023.
             Was an Initiate of Cheibriados.
             Slain by an ice beast (14 damage)
             ... on level 5 of the Dungeon.
             The game lasted 00:15:52 (4307 turns).

BlueFish the Sneak (Octopode Fighter)               Turns: 4307, Time: 00:15:53

Health: -1/72      AC: 23    Str: 19    XL:     7   Next: 87%
Magic:  7/7        EV:  2    Int: 17    God:    Cheibriados [......]
Gold:   190        SH:  5    Dex: 12    Spells: 6/6 levels left

rFire   . . .        a - +0 whip
rCold   . . .        t - +0 buckler
rNeg    . . .        (helmet currently unavailable)
rPois   +            (no amulet)
rElec   .            n - +6 ring of intelligence
rCorr   .            (no ring)
SInv    +            (no ring)
Will    .....        (no ring)
Stlth   +++          (no ring)
HPRegen 0.32/turn    (no ring)
MPRegen 0.10/turn    (no ring)
                     (no ring)

%: no passive effects
@: tree-form, very slow
A: stationary, stasis, torment immunity, boosted hp, almost no armour,
(amphibious), 8 rings, (camouflage 1), (gelatinous body 1), (nimble swimmer 1),
(tentacles), (tentacle spike 1), see invisible, evolution 1
a: Renounce Religion


You were on level 5 of the Dungeon.
You worshipped Cheibriados.
Cheibriados was noncommittal.
You were a tree.
You visited 2 branches of the dungeon, and saw 6 of its levels.

You collected 200 gold pieces.
You spent 10 gold pieces at shops.

Inventory:

Hand Weapons
 a - a +0 whip (weapon)
 b - a +0 sling
 d - a +0 flail
Missiles
 g - 63 stones (quivered)
 h - 11 javelins
 u - 5 poisoned darts
Armour
 t - a +0 buckler (worn)
Jewellery
 n - a +6 ring of intelligence (left branch)
Scrolls
 e - a scroll of blinking {unknown}
 f - a scroll of fog {unknown}
 i - a scroll of immolation
 k - a scroll of noise {unknown}
 l - a scroll of summoning {unknown}
 p - 2 scrolls of poison
 r - a scroll of acquirement {unknown}
Potions
 j - a potion of attraction
 m - a potion of resistance {unknown}
 o - a potion of lignification
 q - 2 potions of curing
 s - 2 potions of ambrosia
 v - a potion of mutation


   Skills:
 + Level 4.2 Fighting
 + Level 3.7 Maces & Flails
 + Level 2.7 Throwing
 + Level 4.2 Dodging
 * Level 6.5 Stealth
 + Level 4.4 Shields


You had 6 spell levels left.
You didn't know any spells.
Your spell library contained the following spells:

 Spells                   Type           Power      Damage    Failure   Level
 Summon Small Mammal      Summ           0%         N/A       30%         1
 Call Canine Familiar     Summ           0%         N/A       65%         3
 Dazzling Flash           Conj/Hex       0%         N/A       65%         3
 Hailstorm                Conj/Ice       0%         3d3       65%         3
 Summon Guardian Golem    Hex/Summ       0%         N/A       65%         3
 Volatile Blastmotes      Fire/Tloc      0%         2d10      65%         3
 Ice Form                 Ice/Tmut       0%         N/A       96%         4
 Iskenderun's Mystic Bla  Conj/Tloc      0%         2d3       96%         4
 Simulacrum               Ice/Necr       0%         N/A       100%        6
 Starburst                Conj/Fire      0%         6d3       100%        6


Dungeon Overview and Level Annotations

Branches:
Dungeon (5/15)             Temple (1/1) D:5

Altars:
Cheibriados
Elyvilon
Fedhas
Nemelex Xobeh
Qazlal
Ru
Sif Muna
Trog
Wu Jian
The Shining One

Shops:
D:1 !   D:4 *=


Innate Abilities, Weirdness & Mutations

You are a tree.
Your roots penetrate the ground, keeping you stationary.
You cannot be teleported.
You are immune to unholy pain and torment.
Your maximum health is greatly increased.
You cannot wear most types of armour.
((You are amphibious.))
You can wear up to eight rings at the same time.
((Your skin changes colour to match your surroundings (Stealth+).))
((Your rubbery body absorbs attacks. (AC +1, EV +1)))
((You are camouflaged when in or above water. (Stealth+)))
((You have tentacles for arms and can constrict up to eight enemies at once.))
((One of your tentacles bears a spike.))
You have supernaturally acute eyesight. (SInv)
You have hidden genetic potential.


Message History

The ice beast is severely wounded.
The ice beast hits you. The ice beast freezes you!
* * * LOW HITPOINT WARNING * * *
You hit the ice beast but do no damage.
Your tentacle spike misses the ice beast.
The ice beast is severely wounded.
The ice beast barely misses you.
Okay, then.
You aren't carrying any items that you can evoke.
Okay, then.
Really quaff the potion of lignification?
You turn into a tree.
Your roots penetrate the ground.
The ice beast hits you but does no damage.
You closely miss the ice beast.
The ice beast is severely wounded.
You block the ice beast's attack.
You barely miss the ice beast.
The ice beast is severely wounded.
The ice beast hits you but does no damage.
You closely miss the ice beast.
The ice beast is severely wounded.
The ice beast hits you but does no damage.
You hit the ice beast but do no damage.
The ice beast is severely wounded.
The ice beast hits you but does no damage.
You hit the ice beast.
The ice beast is almost dead.
The ice beast hits you but does no damage.
You barely miss the ice beast.
The ice beast is almost dead.
The ice beast hits you but does no damage.
You completely miss the ice beast.
The ice beast is almost dead.
The ice beast hits you but does no damage.
You hit the ice beast but do no damage.
The ice beast is almost dead.
The ice beast hits you.
* * * LOW HITPOINT WARNING * * *
The ice beast freezes you!
You die...

#.##.#.###.##.#
#.##.#.##≈.≈#.#
#.##.#.###.##.#
#.##.#.#
#.##.###
#.##.#.#
#....... #.##.#
######## #.# )#
#..#####.##.#
#.....Y♣....#
.....########
###


You could see an ice beast.

Vanquished Creatures
  Sigmund (D:2)
  Duvessa (D:4)
  An ogre (D:4)
  2 scorpions (D:4)
  Dowan (D:4)
  An orc priest (D:3)
  A sleepcap (D:4)
  An iguana (D:4)
  Natasha (twice) (D:2)
  4 adders
  2 worms
  2 dart slugs
  4 orcs
  12 endoplasms
  3 giant cockroaches
  8 goblins
  10 hobgoblins
  11 jackals
  6 quokkas
  6 ball pythons
  6 bats
  A frilled lizard (D:1)
  12 kobolds
  7 rats
105 creatures vanquished.

Notes
Turn   | Place    | Note
-------+----------+-------------------------------------------
     0 | D:1      | BlueFish the Octopode Fighter began the quest for the Orb.
     0 | D:1      | Reached XP level 1. HP: 16/16 MP: 1/1
    54 | D:1      | Reached skill level 1 in Stealth
    57 | D:1      | Reached XP level 2. HP: 12/21 MP: 2/2
   159 | D:1      | Found Woehos's Distillery.
   193 | D:1      | Found a faded altar of an unknown god.
   298 | D:1      | Reached skill level 2 in Stealth
   472 | D:1      | Bought a potion of degeneration for 10 gold pieces
   556 | D:1      | Gained mutation: Your magical capacity is low. (-10% MP)
                  | [potion of mutation]
   556 | D:1      | Gained mutation: You are agile. (Dex +4, Str/Int -1)
                  | [potion of mutation]
   556 | D:1      | Gained mutation: A frigid envelope surrounds you and
                  | freezes all who hurt you. [potion of mutation]
   563 | D:1      | Reached XP level 3. HP: 15/26 MP: 2/2
  1177 | D:2      | Reached skill level 3 in Stealth
  1236 | D:2      | Reached skill level 1 in Throwing
  1236 | D:2      | Reached XP level 4. HP: 31/31 MP: 3/3
  1236 | D:2      | Noticed Natasha
  1241 | D:2      | Noticed Sigmund
  1690 | D:2      | Killed Natasha
  1771 | D:2      | Killed Sigmund
  1772 | D:2      | Reached skill level 4 in Stealth
  1772 | D:2      | Reached XP level 5. HP: 36/36 MP: 4/4
  1772 | D:2      | Reached XP level 6. HP: 42/42 MP: 5/5
  1939 | D:2      | Noticed Natasha
  1947 | D:2      | Killed Natasha
  2145 | D:3      | Reached skill level 5 in Stealth
  2416 | D:3      | Lost mutation: A frigid envelope surrounds you and freezes
                  | all who hurt you. [potion of mutation]
  2416 | D:3      | Lost mutation: You are agile. (Dex +4, Str/Int -1) [potion
                  | of mutation]
  2416 | D:3      | Lost mutation: Your magical capacity is low. (-10% MP)
                  | [potion of mutation]
  2416 | D:3      | Gained mutation: Your muscles are strong. (Str +4, Int/Dex
                  | -1) [potion of mutation]
  2416 | D:3      | Gained mutation: You are partially covered in iridescent
                  | scales. (AC +2) [potion of mutation]
  2417 | D:3      | Lost mutation: Your muscles are strong. (Str +4, Int/Dex
                  | -1) [potion of mutation]
  2417 | D:3      | Lost mutation: You are partially covered in iridescent
                  | scales. (AC +2) [potion of mutation]
  2417 | D:3      | Gained mutation: You have hidden genetic potential. [potion
                  | of mutation]
  2417 | D:3      | Gained mutation: One of your tentacles bears a spike.
                  | [potion of mutation]
  2614 | D:4      | Found Zinke's Elemental Accessories.
  2872 | D:4      | Reached XP level 7. HP: 36/47 MP: 7/7
  3335 | D:4      | Gained mutation: You have supernaturally acute eyesight.
                  | (SInv) [hidden potential]
  3710 | D:4      | Noticed Duvessa
  3710 | D:4      | Noticed Dowan
  3722 | D:4      | Killed Duvessa
  3723 | D:4      | Reached skill level 6 in Stealth
  3725 | D:4      | Killed Dowan
  3927 | D:4      | Found Afadeisk's Jewellery Shoppe.
  4134 | D:5      | Entered Level 5 of the Dungeon
  4165 | D:5      | Found a staircase to the Ecumenical Temple.
  4189 | Temple   | Entered the Ecumenical Temple
  4196 | Temple   | Became a worshipper of Cheibriados the Contemplative
  4307 | D:5      | Slain by an ice beast

Illustrated notes

Levels and vault maps discovered:
D:1:      eino_arrival_druids_welcome, layout_rooms,
          shapermc_ecumenical_altar_venn, serial_shops, shop, nrook_mini_vaults
D:2:      layout_loops_ring, chequers_arboretum, uniq_natasha, uniq_sigmund
D:3:      layout_rooms
D:4:      dreamdust_elfheim, layout_layer_cave, serial_shops, shop, st_stairs_1,
          nicolae_elemental_shop, grunt_decor_clamped
D:5:      layout_loops_ring, minmay_temple_entry_metal_lava,
          gup_sewer_entry_bubbles
Temple:   hellmonk_temple_micro_hex

Skill      XL: |  1  2  3  4  5  6  7 |
---------------+----------------------+-----
Stealth        | 1 2 3 4 5 6 |  6.5
Throwing       | 1 2 |  2.7
Maces & Flails | 3 |  3.7
Shields        | 4 |  4.4
Fighting       | 4 |  4.2
Dodging        | 4 |  4.2

Action                     |  1- 3 |  4- 6 |  7- 9 || total
---------------------------+-------+-------+-------++-------
  Melee: Flail             |    34 |       |       ||    34
         Tentacles         |     7 |    24 |    10 ||    41
         Constrict         |    10 |    25 |     9 ||    44
         Whip              |    21 |    77 |    68 ||   166
         Punch             |     1 |       |     2 ||     3
         Kick              |       |     6 |    24 ||    30
   Fire: Sling             |       |    18 |    17 ||    35
  Throw: Dart              |       |       |     4 ||     4
    Use: Potion            |     3 |     3 |     3 ||     9
         Scroll            |     1 |     2 |     1 ||     4
   Stab: Sleeping          |     8 |     7 |     6 ||    21
 Armour: Skin              |     3 |     4 |     9 ||    16
  Dodge: Dodged            |    38 |    38 |    19 ||    95
  Block: Buckler           |     5 |    13 |     9 ||    27

Table legend: (Time is in decaauts)
 A = Elapsed time spent in this place.
 B = Non-inter-level travel time spent in this place.
 C = Inter-level travel time spent in this place.
 D = Time resting spent in this place.
 E = Time spent auto-exploring this place.
 F = Levels seen in this place.
 G = Mean time per level.
                   A        B        C        D        E       F      G
               +--------+--------+--------+--------+--------+-----+--------+
         Total |   4345 |   4099 |    246 |    216 |   2919 |   6 |  724.2 |
       Dungeon |   4328 |   4082 |    246 |    216 |   2919 |   5 |  865.6 |
        Temple |     16 |     16 |      0 |      0 |      0 |   1 |   16.0 |
               +--------+--------+--------+--------+--------+-----+--------+

Top non-repeatable levels by time:
     D:4: 1528 daAuts
     D:2: 1208 daAuts
     D:1: 734 daAuts
     D:3: 677 daAuts
     D:5: 180 daAuts
  Temple: 16 daAuts
